 Dungeon Sprint DCSS version 0.19.0-22-gd96e5fe (webtiles) character file.

193 equalderp2856 the Gouger (level 5, -5/26 HPs)
             Began as a Felid Fighter on Nov 18, 2016.
             Slain by a demonic crawler (7 damage)
             ... in the Dungeon (Sprint IV: "Fedhas' Mad Dash").
             The game lasted 00:02:08 (341 turns).

equalderp2856 the Gouger (Felid Fighter)             Turns: 341, Time: 00:02:09

Health: -5/26      AC:  1    Str: 13    XL:     5   Next: 43%
Magic:  0/8        EV: 23    Int:  9    God:
Gold:   80         SH:  0    Dex: 16    Spells: 0 memorised, 4 levels left
                                        Lives:  0   Deaths: 1

rFire  . . .     SeeInvis +       - Unarmed
rCold  . . .     Gourm    .     (armour unavailable)
rNeg   . . .     Faith    .     (shield unavailable)
rPois  .         Spirit   .     (helmet unavailable)
rElec  .         Reflect  .     (cloak unavailable)
rCorr  .         Harm     .     (gloves unavailable)
MR     .....     NoTele   +     (boots unavailable)
Stlth  ++++......               i - amulet of invisibility {+Inv}
                                (no ring)
                                (no ring)

@: slowed, slow
A: no armour, no weapons or thrown items, stealth, claws 1, fangs 3, see
invisible, carnivore 3, speed 1, shaggy fur 1, slow metabolism 1, sharp paws
a: Evoke Invisibility


You were in the Dungeon.
You were not hungry.

You visited 1 branch You collected 80 gold pieces.

Inventory:

Jewellery
 i - the amulet of invisibility (around neck) {+Inv}
   (You found it in the Dungeon)

   [amulet of nothing]

   It lets you turn invisible.
Scrolls
 h - a scroll of blinking
Potions
 a - a potion of might
 e - a potion of haste
 f - 2 potions of magic
 g - a potion of berserk rage
Comestibles
 b - a meat ration


   Skills:
 + Level 5.1 Fighting
 + Level 7.8 Dodging
 * Level 6.7 Stealth
 + Level 9.0 Unarmed Combat
 * Level 3.7 Evocations


You had 4 spell levels left.
You didn't know any spells.

Dungeon Overview and Level Annotations

Branches:
Dungeon (1/1)

Altars:

Shops:
D :(:


Innate Abilities, Weirdness & Mutations

You cannot wear armour.
You are incapable of wielding weapons or throwing items.
Your paws allow you to move quietly. (Stealth)
You have sharp claws.
You have razor-sharp teeth.
You have supernaturally acute eyesight. (SInv)
You are carnivorous and can eat meat at any time.
You cover ground quickly.
You are covered in fur. (AC +1)
You have a slow metabolism.
Your sharp claws are effective at attacking unaware monsters.


Message History

The hornet stings you.
You feel yourself slow down. The spriggan rider hits you!!
Ouch! That really hurt!
* * * LOW HITPOINT WARNING * * *
The demonic crawler completely misses you.
The demonic crawler hits you but does no damage.
The demonic crawler completely misses you.
You closely miss the spriggan rider.
The spriggan rider is moderately wounded.
The hornet misses you. The ghost moth stares at you.
You feel your power leaking away.
The demonic crawler barely misses you. x2; The demonic crawler hits you.
* * * LOW HITPOINT WARNING * * *
The spriggan rider hits you.
* * * LOW HITPOINT WARNING * * *
You closely miss the spriggan rider.
The spriggan rider is moderately wounded.
The demonic crawler misses you. The demonic crawler hits you!
You die... ..♣........'...# y.y..♣.....#...# ....♣y.♣..###### +####y##### #$yyy+

#P)###
######################
%..........(...s.....#
P.........*(...y@i.P.#
...........)...y...P....
...................P...#
#########+##############


You could see a ghost moth (invisible), a spriggan rider, a demonic crawler, a
hornet and a ballistomycete spore.

Vanquished Creatures
  A spriggan (D)
  2 oklob saplings (D)
  A worker ant (D)
  A river rat (D)
  A rat (D)
6 creatures vanquished.

Notes
Turn   | Place    | Note
-------+----------+-------------------------------------------
     0 | D        | equalderp2856 the Felid Fighter began the quest for the Orb.
     0 | D        | Reached XP level 1. HP: 10/10 MP: 2/2
    14 | D        | Reached skill level 5 in Unarmed Combat
    14 | D        | Reached XP level 2. HP: 10/14 MP: 3/3
   109 | D        | Noticed an oklob sapling
   111 | D        | Killed an oklob sapling
   111 | D        | Reached skill level 5 in Dodging
   111 | D        | Reached skill level 6 in Unarmed Combat
   111 | D        | Reached XP level 3. HP: 18/18 MP: 4/4
   155 | D        | Noticed an oklob sapling
   158 | D        | Killed an oklob sapling
   158 | D        | Reached skill level 7 in Unarmed Combat
   158 | D        | Reached XP level 4. HP: 22/22 MP: 2/5
   297 | D        | Noticed a queen bee
   302 | D        | Noticed a burning bush
   318 | D        | Slain by a killer bee
   319 | D        | Reached XP level 3. HP: 0/18 MP: 4/4
   319 | D        | Noticed a spriggan
   320 | D        | Killed a spriggan
   320 | D        | Reached skill level 5 in Fighting
   320 | D        | Reached skill level 9 in Unarmed Combat
   320 | D        | Reached XP level 4. HP: 23/23 MP: 4/7
   320 | D        | Reached XP level 5. HP: 26/26 MP: 4/8
   324 | D        | Noticed a hornet
   324 | D        | Noticed a demonic crawler
   324 | D        | Noticed a ghost moth
   325 | D        | Found Itail's Book Shoppe.
   325 | D        | Found Kuadyimy's Antique Weapon Boutique.
   325 | D        | Found Lisisiet's Book Emporium.
   330 | D        | Noticed a spriggan rider
   341 | D        | Slain by a demonic crawler

Skill      XL: |  1  2  3 |
---------------+----------+-----
Unarmed Combat | 5 6 9 |  9.0
Dodging        | 5 7 |  7.8
Stealth        | 2 6 |  6.7
Fighting       | 5 |  5.1
Evocations     | 3 |  3.7

Action                   |  1- 3 |  4- 6 || total
-------------------------+-------+-------++-------
Melee: Unarmed           |    13 |    18 ||    31
       Bite              |     2 |     2 ||     4
       Punch             |       |     2 ||     2
 Abil: Evoke Invisibilit |     1 |     1 ||     2
  Use: Potion            |       |     2 ||     2
 Stab: Sleeping          |     3 |       ||     3
Armor: Skin              |       |     2 ||     2
Dodge: Dodged            |     8 |    44 ||    52
